 Dungeon Crawl Stone Soup version 0.30-a0-528-g8c47a4955b (webtiles) character file.

Game seed: 15211959214460637028

21 kae the Insei (level 2, 0/31 HPs)
             Began as a Demonspawn Transmuter on Dec 23, 2022.
             Frozen to death by an endoplasm (1 damage)
             ... on level 1 of the Dungeon.
             The game lasted 00:00:40 (290 turns).

kae the Insei (Demonspawn Transmuter)                Turns: 290, Time: 00:00:41

Health: 0/31       AC: 21    Str: 10    XL:     2   Next: 62%
Magic:  5/5        EV:  2    Int: 14    God:
Gold:   17         SH:  0    Dex: 13    Spells: 2/5 levels left

rFire   . . .      SeeInvis .      - Unarmed
rCold   . . .      Faith    .    (no shield)
rNeg    . . .      Spirit   .    (body armour currently unavailable)
rPois   +          Reflect  .    (helmet currently unavailable)
rElec   .          Harm     .    (cloak currently unavailable)
rCorr   .          Rampage  .    (gloves currently unavailable)
Will    .....      NoTele   +    (boots currently unavailable)
Stlth   +                        (no amulet)
HPRegen 0.25/turn                (no ring)
MPRegen 0.09/turn                (no ring)

@: tree-form (expiring)
A: stationary, stasis, torment immunity, boosted hp, (weakness stinger 1)
a: no special abilities


You were on level 1 of the Dungeon.
You were a tree.
You visited 1 branch of the dungeon, and saw 2 of its levels.

You collected 17 gold pieces.


Innate Abilities, Weirdness & Mutations

You are a tree.
Your roots penetrate the ground, keeping you stationary.
You cannot be teleported.
You are immune to unholy pain and torment.
Your maximum health is greatly increased.
Your equipment is partially melded.
((You have a small tail.))


   Skills:
 - Level 1.0 Fighting
 - Level 1.7 Dodging
 + Level 2.9 Unarmed Combat
 + Level 2.2 Spellcasting
 * Level 2.4 Transmutations


You had 2 spell levels left.
You knew the following spells:

 Your Spells              Type           Power      Damage    Failure   Level
a - Beastly Appendage     Tmut           16%        N/A       9%          1
b - Wereblood             Tmut           8%         N/A       13%         2

Your spell library contained the following spells:

 Spells                   Type           Power      Damage    Failure   Level
 Spider Form              Tmut/Pois      5%         N/A       38%         3
 Ice Form                 Ice/Tmut       5%         N/A       80%         4

Inventory:

Missiles
 d - 8 stones
Armour
 a - a +0 robe (melded)
Scrolls
 c - a scroll of identify {unknown}
 e - a scroll of enchant weapon {unknown}

Dungeon Overview and Level Annotations

Branches:
Dungeon (2/15) Zot: 11712

Altars:

#....?........
#..............
#.............
#...........#
#...........#
###...#.....#
###.......#
#######.##J#.##
.......g##♣# #
........##)#
........##.#.#
.............#
.........>.###
........####
..:.....#
###.###.# #.
#.#


You could see an endoplasm.


Message History

You take 5 damage, and now have 14/21 hp.
MASSIVE DAMAGE!! (PAUSE)
Found a stone staircase leading down. 😮 HP[+1]
A goblin comes into view. It is wielding a +0 club.
Your horns disappear.
Your talons disappear.
The quokka attacks as you move away! The quokka bites you. 😮 HP[-2]
You take 2 damage, and now have 13/21 hp.
Casting: Beastly Appendage (safe; 9% risk of failure)
Confirm with . or Enter, or press ? or * to list all spells.
You grow a pair of large bovine horns.
Your feet morph into talons.
The goblin shouts!
The quokka bites you.
The quokka bites you but does no damage.
The goblin barely misses you. 😮 HP[-2] MP[-1]
You take 2 damage, and now have 11/21 hp.
You lost 1 mp, and now have 4/5 mp.
You closely miss the goblin. Your kick misses the goblin.
Your punch misses the goblin. The quokka barely misses you.
The goblin hits you with a +0 club.
* * * LOW HITPOINT WARNING * * *
The quokka closely misses you. 😨 HP[-2]
You take 2 damage, and now have 9/21 hp.
You hit the goblin. Your kick misses the goblin. You tail-slap the goblin.
You kill the goblin!
The quokka misses you.
The hobgoblin barely misses you. 😨 HP[+1]
You see here a +0 club.
Okay, then.
The quokka attacks as you move away! The quokka bites you.
* * * LOW HITPOINT WARNING * * *
The dart slug closely misses you. 😨 HP[-2]
You take 2 damage, and now have 8/21 hp.
You hit the dart slug. The quokka misses you.
Unknown command.
You hit the dart slug. You claw the dart slug.
Your transformation is almost over.
The quokka bites you.
* * * LOW HITPOINT WARNING * * *
The dart slug launches a dart at you. The slug dart hits you.
* * * LOW HITPOINT WARNING * * *
😱 HP[-7]
You take 7 damage, and now have 1/21 hp.
MASSIVE DAMAGE!! (PAUSE) Really quaff
b - a potion of lignification {!q}?
Really quaff the potion of lignification?
Your horns disappear.
Your talons disappear.
You turn into a tree.
Your +0 robe melds into your body.
Your roots penetrate the ground.
The quokka bites you but does no damage.
The dart slug bites you but does no damage. 😱 HP[+2]
You now have 31 max hp (+10).
You regained 2 hp, and now have 3/31 hp.
You smack the dart slug!
You kill the dart slug!
The quokka bites you but does no damage.
You cannot move.
You smack the quokka!
You kill the quokka!
You barely miss the hobgoblin.
The hobgoblin hits you but does no damage. 😱 MP[+1]
Your mp is fully restored (5).
You barely miss the hobgoblin.
The hobgoblin hits you but does no damage.
You completely miss the hobgoblin.
The hobgoblin hits you but does no damage. 😱 HP[+1]
You hit the hobgoblin but do no damage.
The hobgoblin hits you but does no damage.
You barely miss the hobgoblin.
The hobgoblin hits you but does no damage.
You smack the hobgoblin!
You kill the hobgoblin!
You cannot move.
You cannot move.
You start resting.
An endoplasm is nearby! 😱 HP[+1]
An endoplasm is nearby!
Your transformation is almost over. 😱 HP[+1]
You hit the endoplasm. The endoplasm freezes you.
You are frozen.
* * * LOW HITPOINT WARNING * * *
😱 HP[-5]
You take 5 damage, and now have 1/31 hp.
You hit the endoplasm.
The endoplasm hits you but does no damage.
You hit the endoplasm. The endoplasm freezes you.
You are frozen.
You die...

Skill      XL: |  1 |
---------------+----+-----
Transmutations | 2 |  2.4
Fighting       | |  1.0
Dodging        | |  1.7
Unarmed Combat | |  2.9
Spellcasting   | |  2.2

Action                   || total
-------------------------++-------
Melee: Unarmed           ||    45
       Headbutt          ||     3
       Kick              ||     4
       Tailslap          ||     2
 Cast: Beastly Appendage ||     9
  Use: Potion            ||     1
Armor: Robe              ||     6
       Skin              ||     9
Dodge: Dodged            ||    20

Levels and vault maps discovered:
D:1:      nicolae_arrival_memento_mori, layout_loops_ring
D:2:      layout_basic, uniq_sigmund

Notes
Turn   | Place    | Note
-------+----------+-------------------------------------------
     0 | D:1      | kae the Demonspawn Transmuter began the quest for the Orb.
     0 | D:1      | Reached XP level 1. HP: 15/15 MP: 3/3
     0 | D:1      | magus.rc [v1.11.3]
   116 | D:1      | Reached skill level 2 in Transmutations
   140 | D:1      | Gained mutation: You have a small tail. [demonic ancestry]
   140 | D:1      | Reached XP level 2. HP: 20/21 MP: 3/5
   153 | D:1      | Learned a level 2 spell: Wereblood
   273 | D:1      | HP: 5/21 [quokka (3)]
   273 | D:1      | HP: 1/21 [dart slug/slug dart (4)]
   288 | D:1      | HP: 1/31 [frozen (5)]
   290 | D:1      | Frozen to death by an endoplasm

Vanquished Creatures
  A dart slug (D:1)
  3 endoplasms
  2 goblins (D:1)
  A hobgoblin (D:1)
  2 kobolds (D:1)
  2 quokkas
  2 bats (D:1)
  4 rats (D:1)
17 creatures vanquished.

Table legend:
 A = Non-vault XP
 B = Vault XP
 C = Vault XP percentage of total XP
 D = Non-vault monster count
 E = Vault monster count
 F = Vault count percentage of total count
                 A         B        C        D         E       F
            +---------+---------+-------+---------+---------+-------
      Total |      30 |       0 |   0.0 |      17 |       0 |   0.0
            +---------+---------+-------+---------+---------+-------
        D:1 |      26 |       0 |   0.0 |      15 |       0 |   0.0
        D:2 |       4 |       0 |   0.0 |       2 |       0 |   0.0
            +---------+---------+-------+---------+---------+-------

Illustrated notes

Table legend:
 A = Kills in this place as a percentage of kills in entire the game.
 B = Kills by you in this place as a percentage of kills by you in the entire game.
 C = Kills by friends in this place as a percentage of kills by friends in the entire game.
 D = Other kills in this place as a percentage of other kills in the entire game.
 E = Experience gained in this place as a percentage of experience gained in the entire game.
 F = Experience gained in this place divided by the number of levels of this place that you have seen.
                   A       B       C       D       E      F
               +-------+-------+-------+-------+-------+----------------------
         Total | 100.0 | 100.0 |   N/A |   N/A | 100.0 |  15.0
       Dungeon | 100.0 | 100.0 |   N/A |   N/A | 100.0 |  15.0
               +-------+-------+-------+-------+-------+----------------------

Table legend: (Time is in decaauts)
 A = Elapsed time spent in this place.
 B = Non-inter-level travel time spent in this place.
 C = Inter-level travel time spent in this place.
 D = Time resting spent in this place.
 E = Time spent auto-exploring this place.
 F = Levels seen in this place.
 G = Mean time per level.
                   A        B        C        D        E       F      G
               +--------+--------+--------+--------+--------+-----+--------+
         Total |    286 |    286 |      0 |      2 |    165 |   2 |  143.0 |
       Dungeon |    286 |    286 |      0 |      2 |    165 |   2 |  143.0 |
               +--------+--------+--------+--------+--------+-----+--------+

Top non-repeatable levels by time:
     D:1: 260 daAuts
     D:2: 26 daAuts
